 Dungeon Crawl Stone Soup version 0.29-a0-1033-gb6c65ffae6 (webtiles) character file.

Game seed: 10416017321895150844

342 ytrimaz the Insei (level 6, -4/43 HPs)
             Began as a Demonspawn Transmuter on Aug 14, 2022.
             Killed from afar by an orc wizard (10 damage)
             ... with a puff of flame
             ... on level 3 of the Dungeon.
             The game lasted 00:05:10 (3854 turns).

ytrimaz the Insei (Demonspawn Transmuter)           Turns: 3854, Time: 00:05:11

Health: -4/43      AC:  3    Str:  7 (10) XL:     6   Next: 30%
Magic:  0/9        EV: 12    Int: 13 (16) God:
Gold:   98         SH:  0    Dex: 11 (14) Spells: 6/9 levels left

rFire   . . .      SeeInvis .     - Unarmed
rCold   . . .      Faith    .   (no shield)
rNeg    + . .      Spirit   +   a - +0 robe
rPois   .          Reflect  .   (no helmet)
rElec   .          Harm     .   e - +0 cloak
rCorr   .          Rampage  .   (no gloves)
Will    .....                   (no boots)
Stlth   +.........              (no amulet)
HPRegen 0.14/turn               j - ring of positive energy
MPRegen 0.22/turn               (no ring)

@: no status effects
A: claws 1, magic shield, magic regeneration
a: no special abilities


You were on level 3 of the Dungeon.
You visited 1 branch of the dungeon, and saw 3 of its levels.

You collected 98 gold pieces.

Inventory:

Armour
 a - a +0 robe (worn)
 e - a +0 cloak (worn)
Jewellery
 j - a ring of positive energy (left claw)
Scrolls
 c - a scroll of immolation {unknown}
 f - a scroll of identify {unknown}
 h - a scroll of enchant armour {unknown}
 k - a scroll of teleportation
 m - a scroll of vulnerability {unknown}
Potions
 b - a potion of lignification
 i - 2 potions of heal wounds {unknown}
 l - a potion of mutation {unknown}
 n - a potion of curing {unknown}
 o - a potion of invisibility {unknown}


   Skills:
 - Level 1.0 Fighting
 + Level 2.3 Dodging
 + Level 6.1 Unarmed Combat
 - Level 2.0 Spellcasting
 + Level 2.3 Transmutations


You had 6 spell levels left.
You knew the following spells:

 Your Spells              Type           Power      Damage    Failure   Level
a - Beastly Appendage     Tmut           14%        N/A       10%         1
b - Wereblood             Tmut           7%         N/A       14%         2

Your spell library contained the following spells:

 Spells                   Type           Power      Damage    Failure   Level
 Spider Form              Tmut/Pois      4%         N/A       43%         3
 Ozocubu's Armour         Ice            1%         N/A       58%         3
 Ice Form                 Ice/Tmut       4%         N/A       83%         4
 Metabolic Englaciation   Hex/Ice        0%         N/A       100%        5
 Simulacrum               Ice/Necr       0%         N/A       100%        6


Dungeon Overview and Level Annotations

Branches:
Dungeon (3/15)

Altars:


Innate Abilities, Weirdness & Mutations

You have sharp fingernails.
When hurt, damage is shared between your health and your magic reserves.
You regenerate magic rapidly.


Message History

You feel less confused.
The orc hits you with a +0 mace of holy wrath.
You convulse.
You hear some strange, mumbled words.
You are confused.
The orc wizard closely misses you.
Really quaff the potion of lignification?
Your horns disappear.
Your talons disappear.
You turn into a tree.
Your +0 cloak melds into your body.
Your +0 robe melds into your body.
Your roots penetrate the ground.
The orc hits you with a +0 mace of holy wrath.
You convulse.
You hear some strange, mumbled words.
A puff of flame appears from out of thin air!
The puff of flame hits you.
* * * LOW HITPOINT WARNING * * *
The orc wizard hits you but does no damage.
Unknown command.
It was a potion of cancellation.
Your magical effects are unravelling.
You feel magically purged.
You feel less wooden.
Your +0 cloak unmelds from your body.
Your +0 robe unmelds from your body.
You feel less confused. The orc barely misses you. Something hits you.
* * * LOW HITPOINT WARNING * * *
The orc wizard hits you with a +0 dagger.
* * * LOW HITPOINT WARNING * * *
Unknown command.
It was a potion of degeneration.
There was something very wrong with that liquid.
You feel weakened.
You feel dopey.
You feel clumsy.
The orc hits you with a +0 mace of holy wrath.
* * * LOW HITPOINT WARNING * * *
You convulse.
* * * LOW HITPOINT WARNING * * *
You hear some strange, mumbled words.
A puff of flame appears from out of thin air!
The puff of flame hits you!
You die...

..# #.......#
#.# #.#####.#
#.# #.# #.#
#.# #.# #.#
#.# #.# #.#
#.#
#.#####.######
#.#
#.##....<.)..#
#.#
#.##.######o##
#.#
#.##.#....oo@#
#.#
#.##.#.##..{##
#.# #.##.#
#.....
#.###.##.#
#..#..
#........#
####.##
#.....#..# ..#
#........# ###
#..####.##
........#


You could see an orc wizard and 2 orcs.

Vanquished Creatures
  Sigmund (D:2)
  An orc priest (D:3)
  An orc wizard (D:3)
  Robin (D:3)
  5 adders
  A worm (D:2)
  3 dart slugs
  6 orcs (D:3)
  6 bats
  6 endoplasms
  3 giant cockroaches
  10 goblins
  5 hobgoblins
  2 jackals (D:3)
  3 quokkas
  5 ball pythons
  4 frilled lizards
  6 kobolds
  7 rats
76 creatures vanquished.

Notes
Turn   | Place    | Note
-------+----------+-------------------------------------------
     0 | D:1      | ytrimaz the Demonspawn Transmuter began the quest for the
                  | Orb.
     0 | D:1      | Reached XP level 1. HP: 15/15 MP: 3/3
   266 | D:1      | Reached skill level 3 in Unarmed Combat
   278 | D:1      | Gained mutation: You regenerate magic rapidly. [demonic
                  | ancestry]
   278 | D:1      | Reached XP level 2. HP: 15/21 MP: 1/5
  1486 | D:2      | Gained mutation: When hurt, damage is shared between your
                  | health and your magic reserves. [demonic ancestry]
  1486 | D:2      | Reached XP level 3. HP: 26/26 MP: 6/6
  1667 | D:2      | Reached skill level 4 in Unarmed Combat
  1671 | D:2      | Found a faded altar of an unknown god.
  1705 | D:2      | Noticed Sigmund
  1721 | D:2      | Killed Sigmund
  1722 | D:2      | Reached skill level 5 in Unarmed Combat
  1722 | D:2      | Reached XP level 4. HP: 32/32 MP: 7/7
  1722 | D:2      | Reached XP level 5. HP: 37/37 MP: 8/8
  2162 | D:2      | Learned a level 2 spell: Wereblood
  3247 | D:3      | Gained mutation: You have sharp fingernails. [demonic
                  | ancestry]
  3247 | D:3      | Reached XP level 6. HP: 41/43 MP: 7/9
  3582 | D:3      | Reached skill level 6 in Unarmed Combat
  3655 | D:3      | Noticed Robin
  3659 | D:3      | Killed Robin
  3854 | D:3      | Killed from afar by an orc wizard

Illustrated notes

Levels and vault maps discovered:
D:1:      dpeg_arrival_connections, layout_basic, serial_bayou_lagoon_a
D:2:      layout_basic, chequers_ecumenical_altar_grove, uniq_sigmund
D:3:      layout_basic, serial_park_tiny_2, hangedman_decor_clover_reticule,
          uniq_robin

Skill      XL: |  1  2  3  4  5  6 |
---------------+-------------------+-----
Unarmed Combat | 3 5 6 |  6.1
Dodging        | 2 |  2.3
Transmutations | 2 |  2.3
Fighting       | |  1.0
Spellcasting   | |  2.0

Action                   |  1- 3 |  4- 6 || total
-------------------------+-------+-------++-------
Melee: Unarmed           |    70 |   110 ||   180
       Headbutt          |    11 |    15 ||    26
       Kick              |    10 |    19 ||    29
       Punch             |     1 |     4 ||     5
 Cast: Beastly Appendage |    17 |    28 ||    45
       Wereblood         |       |     1 ||     1
  Use: Scroll            |     1 |       ||     1
       Potion            |     1 |     3 ||     4
 Stab: Sleeping          |     1 |       ||     1
Armor: Robe              |    10 |    33 ||    43
       Skin              |     4 |     1 ||     5
Dodge: Dodged            |    31 |    71 ||   102

Table legend: (Time is in decaauts)
 A = Elapsed time spent in this place.
 B = Non-inter-level travel time spent in this place.
 C = Inter-level travel time spent in this place.
 D = Time resting spent in this place.
 E = Time spent auto-exploring this place.
 F = Levels seen in this place.
 G = Mean time per level.
                   A        B        C        D        E       F      G
               +--------+--------+--------+--------+--------+-----+--------+
         Total |   3836 |   3754 |     82 |    152 |   3024 |   3 | 1278.7 |
       Dungeon |   3836 |   3754 |     82 |    152 |   3024 |   3 | 1278.7 |
               +--------+--------+--------+--------+--------+-----+--------+

Top non-repeatable levels by time:
     D:1: 1466 daAuts
     D:2: 1193 daAuts
     D:3: 1176 daAuts
